Map: Cyber Forest LE

Players

keelar - Winner!

  • Race: Zerg Zerg
  • League: Master
  • Spawn Location: 11:00

nalakuwala

  • Race: Zerg Zerg
  • League: Master
  • Spawn Location: 5:00

VOD

Have the link to the VOD?

Description

Time

  • Played on: May 4, 2019, 2:57 p.m.
  • Length: 10:09
Show
View Real Time Build Order
Export as new Build Order

keelar Zerg - Winner!

Build Orders: Pool First, Lurkers 

Get SALT Encoding   

  12  0:18  Spawning Pool  
  11  0:21  Drone  
  11  0:26  Drone  
  13  0:31  Drone  
  14  0:40  Overlord  
  14  1:05  Zergling x6  
  17  1:18  Hatchery  
  16  1:19  Zergling x2  
  17  1:27  Zergling x2  
  18  1:34  Queen  
  20  1:42  Drone  
  21  1:48  Overlord  
  21  1:58  Drone  
  22  2:10  Queen  
  24  2:21  Drone x2  
  26  2:29  Queen  
  28  2:30  Drone  
  28  2:36  Drone  
  30  2:40  Drone  
  31  2:46  Drone x4  
  34  2:56  Drone x2  
  35  3:07  Roach Warren  
  35  3:11  Overlord  
  35  3:12  Drone  
  35  3:15  Evolution Chamber  
  35  3:17  Overlord  
  35  3:18  Drone  
  35  3:26  Drone x3  
  35  3:31  Evolution Chamber  
  35  3:33  Drone x3  
  37  3:40  Queen  
  39  3:45  Drone x2  
  39  3:46  Extractor  
  40  3:51  Overlord  
  40  3:52  Drone  
  40  3:53  Drone  
  42  3:56  Extractor, Drone  
  42  4:00  Extractor  
  42  4:02  Extractor  
  40  4:11  Drone x3  
  40  4:14  Drone  
  40  4:15  Drone x2  
  40  4:16  Drone x2  
  48  4:28  Drone x4  
  52  4:35  Lair  
  52  4:44  Roach x2  
  56  4:51  Roach x3  
  59  4:57  Roach x2  
  59  5:02  Overlord  
  59  5:07  Roach x2  
  59  5:12  Roach  
  57  5:16  Roach  
  57  5:19  Roach  
  60  5:26  Roach  
  60  5:29  Roach  
  62  5:37  Drone x2  
  62  5:39  Glial Reconstitution  
  64  5:45  Drone  
  64  5:46  Drone  
  66  5:51  Roach  
  68  6:00  Overlord  
  68  6:03  Overlord  
  68  6:11  Overlord  
  68  6:13  Zerg Missile Weapons Level 1  
  68  6:25  Overlord  
  68  6:30  Zerg Ground Armor Level 1  
  68  6:31  Drone x5  
  68  6:32  Drone  
  74  6:34  Drone  
  75  6:50  Drone  
  76  6:54  Drone  
  76  6:55  Drone  
  76  6:57  Drone  
  76  6:58  Hatchery  
  76  6:59  Drone  
  79  7:04  Drone x2  
  81  7:09  Spore Crawler  
  81  7:12  Drone x2  
  82  7:24  Drone x2  
  82  7:25  Drone x2  
  82  7:26  Hydralisk Den  
  85  7:37  Overlord  
  85  7:38  Drone x5  
  90  7:52  Overlord  
  90  7:53  Ravager  
  90  7:58  Lurker Den  
  90  8:00  Spore Crawler  
  90  8:01  Muscular Augments, Drone x5  
  90  8:04  Overseer  
  94  8:08  Drone x3  
  94  8:09  Drone  
  98  8:29  Extractor  
  98  8:30  Extractor, Drone x2  
  98  8:40  Overlord  
  98  8:43  Hydralisk x6  
  110  8:57  Drone  
  110  8:58  Drone x3  
  110  9:02  Drone x5  
  119  9:13  Overlord  
  119  9:14  Overlord x2  
  119  9:15  Hatchery, Overlord  
  118  9:18  Hydralisk x2  
  118  9:19  Hydralisk  
  124  9:31  Lurker x2  
  124  9:32  Lurker x4  
  130  9:43  Overseer  
  130  9:46  Roach x10  
Show
View Real Time Build Order
Export as new Build Order

nalakuwala Zerg 

Build Orders: Hatch First, Roach Nydus 

Get SALT Encoding   

  12  0:01  Drone  
  13  0:08  Drone  
  14  0:16  Overlord  
  14  0:35  Drone x3  
  17  0:52  Hatchery  
  17  0:55  Drone  
  17  0:58  Drone  
  18  1:08  Extractor  
  17  1:12  Spawning Pool  
  17  1:16  Drone  
  17  1:20  Drone  
  18  1:29  Drone  
  19  1:39  Overlord  
  19  1:59  Zergling x2  
  20  2:01  Zergling x2  
  20  2:05  Zergling x2  
  26  2:14  Zergling x2  
  27  2:16  Zergling x2  
  28  2:26  Lair  
  28  2:29  Extractor  
  23  2:41  Roach Warren  
  23  2:43  Evolution Chamber  
  20  2:56  Drone x3  
  23  3:11  Overlord  
  23  3:28  Roach  
  23  3:32  Queen  
  23  3:33  Nydus Network  
  28  3:34  Roach  
  28  3:40  Roach  
  30  3:52  Roach  
  32  4:01  Overlord  
  31  4:12  Ravager  
  32  4:21  Roach  
  34  4:25  Nydus Canal  
  34  4:26  Roach  
  36  4:33  Overlord  
  36  4:44  Roach x2  
  40  4:51  Spine Crawler  
  38  5:06  Roach x2  
  36  5:19  Roach x2  
  25  5:31  Nydus Canal  
  25  5:32  Roach  
  27  5:39  Roach  
  29  5:49  Zergling x2  
  30  6:00  Roach  
  32  6:06  Hatchery  
  31  6:21  Drone  
  31  6:24  Drone  
  33  6:34  Drone  
  34  6:46  Roach  
  36  6:48  Zerg Missile Weapons Level 1  
  36  6:55  Roach  
  36  6:56  Queen  
  40  7:11  Nydus Canal  
  40  7:22  Drone x3  
  43  7:25  Drone  
  43  7:29  Drone  
  45  7:31  Queen  
  47  7:37  Drone  
  47  7:40  Queen  
  47  7:41  Drone  
  47  7:43  Glial Reconstitution  
  51  7:56  Drone  
  51  7:58  Overlord  
  52  8:08  Nydus Canal  
  52  8:12  Overlord  
  52  8:16  Drone  
  52  8:17  Drone  
  52  8:18  Drone x2  
  56  8:21  Drone  
  56  8:25  Drone  
  58  8:31  Drone  
  59  8:39  Extractor  
  59  8:40  Overlord  
  59  8:41  Drone  
  59  8:44  Roach x2  
  59  8:45  Roach  
  65  9:00  Hatchery  
  65  9:02  Roach  
  66  9:03  Roach x4  
  66  9:06  Overlord  
  74  9:15  Overlord  
  74  9:18  Drone  
  74  9:24  Evolution Chamber, Hydralisk Den  
  74  9:28  Infestation Pit, Overlord  
  74  9:29  Drone  
  73  9:34  Extractor  
  73  9:37  Drone  
Tags
 
Add a new tag
Caveats
  • Supply blocks, unpowered buildings, or Contaminate may cause inaccurate times.
  • Supply counts are checked every 10 seconds.